Cogmind - Beta 16 @@@ ROGUE MODE // 2025.11.09 @ 10:42:40 Player: f3-rnm Result: Destroyed by HL-CVC(R) with Subdweller Laser Performance ------------- Evolutions (0) 0 Regions Visited (3) 600 Robots Destroyed (8) 40 Value Destroyed (224) 224 Prototype IDs (1) 20 Alien Tech Used (0) 0 Bonus (0) 0 TOTAL SCORE: 884 Bonus ------- None Cogmind --------- Core Integrity 0/250 Matter 290/300 Energy 80/125 System Corruption 0% Temperature Cool (6) Movement Core (850) Ox16 Location -10/Subcaves Parts ------- > --- POWER (1) -------- Light Ion Engine > --- PROPULSION (2) --- (None) > --- UTILITY (2) ------ Improved Heat Sink High-capacity Storage Unit > --- WEAPON (2) ------- Beam Cannon Beam Cannon > --- INVENTORY (20) --- Heat Sink Small Storage Unit High-capacity Matter Pod (200) Sensor Array Faulty Experimental Sensor Array Subdweller Laser Beam Cannon Light Assault Rifle Rocket Launcher Peak State ------------ > --- POWER ------------ Light Nuclear Core > --- PROPULSION ------- Light Treads Wheel > --- UTILITY ---------- High-capacity Storage Unit Experimental Sensor Array > --- WEAPON ----------- Beam Cannon Beam Cannon > --- INVENTORY -------- Light Ion Engine Heat Sink Improved Heat Sink Small Storage Unit High-capacity Matter Pod Sensor Array Beam Cannon Light Assault Rifle [Rating: 18] Favorites ----------- Power Light Nuclear Core Engine Ion Engine Power Core Light Nuclear Core Propulsion Light Treads Treads Light Treads Wheel Wheel Utility High-capacity Storage Unit Device Improved Heat Sink Storage High-capacity Storage Unit Weapon Beam Cannon Energy Cannon Beam Cannon Ballistic Gun Light Assault Rifle Build | -11 -10 -10 -10 ------- Run | Yrd Mat Min Sub Slots Evolved . | . . . . Power . | . . . . Propulsion . | . . . . Utility . | . . . . Weapon . | . . . . Parts Attached 17 | 6 2 8 1 Power 4 | 1 1 1 1 Engine 3 | 1 1 . 1 Core 1 | . . 1 . Reactor . | . . . . Propulsion 3 | 2 . 1 . Treads 2 | 2 . . . Leg . | . . . . Wheel 1 | . . 1 . Hover . | . . . . Flight . | . . . . Utility 6 | 1 1 4 . Device 4 | . 1 3 . Storage 2 | 1 . 1 . Processor . | . . . . Hackware . | . . . . Protection . | . . . . Artifact . | . . . . Weapon 4 | 2 . 2 . Energy Gun . | . . . . Energy Cannon 2 | . . 2 . Ballistic Gun 2 | 2 . . . Ballistic Cannon . | . . . . Launcher . | . . . . Special Weapon . | . . . . Impact Weapon . | . . . . Slashing Weapon . | . . . . Piercing Weapon . | . . . . Special Melee Weapon . | . . . . Unidentified Prototypes 1 | . . 1 . Parts Lost 6 | . 1 2 3 Power 2 | . 1 . 1 Propulsion 3 | . . 1 2 Utility . | . . . . Weapon 1 | . . 1 . Highest Loss Streak 3 | . 1 2 3 To Critical Strikes . | . . . . Average Backups 7 | . 5 8 9 Power . | . . . 1 Propulsion . | . 1 . . Utility 3 | . 1 4 5 Weapon 2 | . 2 2 3 Tool/Special . | . . . . Unused Backups 4 | . . . 4 Power . | . . . . Propulsion . | . . . . Utility 1 | . . . 1 Weapon 3 | . . . 3 Tool/Special . | . . . . Average Slot Usage (%) 98 | . 94 100 95 Engine 4 | . 14 2 . Core 9 | . . 11 13 Treads 17 | . 28 14 12 Wheel 10 | . . 13 12 Device 12 | . 9 14 14 Storage 14 | . 14 14 14 Energy Cannon 20 | . . 26 28 Ballistic Gun 7 | . 28 1 . Peak Build Rating 18 | 6 7 18 13 Average Rating 9 | 4 6 11 12 On Entrance 6 | . 6 7 12 Avg Prop Armor Cover (%) 12 | . . 12 12 Naked Turns . | . . . . Heaviest Build 52 | 11 14 52 52 Greatest Support 40 | 40 40 40 10 Greatest Overweight (x) 5 | . . 5 5 Average Overweight (x) 3 | . . 4 5 Largest Inventory Capacity 20 | 8 8 20 20 Average Capacity 15 | 7 8 18 20 Most Carried 10 | 2 7 9 10 Average Carried 7 | . 5 8 9 Final Capacity 20 | 8 8 20 20 Final Carried 9 | 2 7 9 9 Class Distribution -------------------- 100% | Mutant Dominant Class ---------------- Mutant | -10/Materials Mutant | -10/Mines Mutant | -10/Subcaves Resources | -11 -10 -10 -10 ----------- Run | Yrd Mat Min Sub Matter Collected 695 | 188 153 354 . Remotely . | . . . . Salvage Created 490 | . 153 337 . Parts 21 | . 10 11 . Haulers Intercepted . | . . . . Recyclers Shooed 1 | . 1 . . Parts Field Recycled . | . . . . Retrieved Matter . | . . . . Parts Self-Destructed 7 | . . . 7 Prevented . | . . . . Parts Restored . | . . . . Kills | -11 -10 -10 -10 ------- Run | Yrd Mat Min Sub Combat Hostiles Destroyed 5 | . 3 2 . Guns 4 | . 3 1 . Cannons 1 | . . 1 . Classes Destroyed 2 | . 1 1 . Recycler 3 | . . 3 . Grunt 5 | . 3 2 . Best Kill Streak 4 | . 2 4 . Combat Bots Only 2 | . 2 2 . Max Kills in Single Turn 1 | . 1 1 . Gunslinging . | . . . . Exploded . | . . . . Melee . | . . . . Uniques/NPCs Destroyed . | . . . . Combat | -11 -10 -10 -10 -------- Run | Yrd Mat Min Sub Hostile Shots Fired 88 | . 32 34 22 Missed 21 | . 6 8 7 Hits 67 | . 26 26 15 Projectile 67 | . 26 26 15 Damage Taken 993 | . 301 380 312 Core 256 | . 44 82 130 Absorbed by Shields . | . . . . Core Remaining (%) 100 | 100 . . . Volleys Fired 59 | . 24 21 14 Largest 2 | . 2 2 2 Hottest 120 | . 40 120 120 Shots Fired 116 | . 48 40 28 Gun 72 | . 48 24 . Cannon 44 | . . 16 28 Launcher . | . . . . Special . | . . . . Kinetic 72 | . 48 24 . Thermal 44 | . . 16 28 Explosive . | . . . . Electromagnetic . | . . . . Robot Hit Streak 8 | . 4 7 8 Robot Miss Streak 3 | . 3 1 1 Penetration Max . | . . . . Secondary Targets . | . . . . Shots Hit Robots 73 | . 30 20 23 Core Hits 16 | . 7 8 1 Critical Kills . | . . . . Critical Parts Destroyed . | . . . . Critical Strikes . | . . . . Melee Attacks . | . . . . Impact . | . . . . Slashing . | . . . . Piercing . | . . . . Sneak Attacks . | . . . . Combat Hostiles . | . . . . Follow-up Attacks . | . . . . Damage Inflicted 837 | . 329 280 228 Guns 434 | . 329 105 . Cannons 403 | . . 175 228 Explosions . | . . . . Melee . | . . . . Ramming . | . . . . Kinetic 434 | . 329 105 . Thermal 403 | . . 175 228 Explosive . | . . . . Electromagnetic . | . . . . Impact . | . . . . Slashing . | . . . . Piercing . | . . . . Highest Corruption . | . . . . Average Corruption . | . . . . Corruption Purged . | . . . . Corruption Blocked . | . . . . Overload Shots . | . . . . Overflow Damage 5 | . . 5 . Projectiles 5 | . . 5 . Explosions . | . . . . Melee . | . . . . Knockbacks . | . . . . Impact . | . . . . Kinetic . | . . . . Secondary . | . . . . Self-Inflicted Damage . | . . . . Shots . | . . . . Rammed . | . . . . Targets Rammed . | . . . . Kicked . | . . . . Crushed . | . . . . Highest Temperature 78 | . 12 78 . Average Temperature 17 | . 7 22 . Received Heat Transfer 468 | . 168 210 90 Siege Activations . | . . . . Martial Activations . | . . . . Shielding Activations . | . . . . Robots Disrupted . | . . . . Combat Hostiles . | . . . . Robots Corrupted . | . . . . Combat Hostiles . | . . . . Parts Fried . | . . . . Impact Corruptions . | . . . . Robots Melted . | . . . . Combat Hostiles . | . . . . Parts Melted . | . . . . Heat Transferred 851 | . . 370 481 Parts Sabotaged . | . . . . Parts Stolen . | . . . . Parts Stripped . | . . . . Power Chain Reactions . | . . . . Alert | -11 -10 -10 -10 ------- Run | Yrd Mat Min Sub Maximum Alert Level . | . . . . Low Security (%) 100 | 100 100 100 . Level 1 . | . . . . Level 2 . | . . . . Level 3 . | . . . . Level 4 . | . . . . Level 5 . | . . . . High Security . | . . . . Max Security . | . . . . Peak Influence 40 | . 40 35 . Initial . | . . . . Average 3 | . 10 1 . Influence Increases 160 | . 95 65 . Destroy 0b10 Robot/C 100 | . 60 40 . Destroy 0b10 Robot/NC 15 | . . 15 . Destroy Leader 30 | . 20 10 . Disable Machine 15 | . 15 . . Influence Decreases 160 | . 95 65 . Time Decay 130 | . 85 45 . Lost Part 30 | . 10 20 . Squads Dispatched 1 | . 1 . . Investigation 1 | . 1 . . Extermination . | . . . . Reinforcement . | . . . . Assault . | . . . . Garrison . | . . . . Intercept . | . . . . Searches Triggered . | . . . . Construction Impeded . | . . . . Haulers Reinforced . | . . . . Active Scanning Responses . | . . . . Cargo Convoy Interrupts . | . . . . Stealth | -11 -10 -10 -10 --------- Run | Yrd Mat Min Sub Distress Signals . | . . . . Communications Jammed . | . . . . Distress Signals . | . . . . Times Spotted 6 | . 3 2 1 Peak Tracking Total 2 | . 2 2 1 Tactical Retreats . | . . . . Traps | -11 -10 -10 -10 ------- Run | Yrd Mat Min Sub Traps Triggered 1 | . 1 . . Indirectly . | . . . . Trap Hack Attempts . | . . . . Triggered . | . . . . Disarmed . | . . . . Reprogrammed . | . . . . Reused . | . . . . Traps Extracted . | . . . . Installed . | . . . . Triggered . | . . . . Machines | -11 -10 -10 -10 ---------- Run | Yrd Mat Min Sub Machines Disabled 1 | . 1 . . Max in Single Turn 1 | . 1 . . Machines Repaired . | . . . . Machines Dismantled . | . . . . Machines Sabotaged . | . . . . Overloaded Fab Kills . | . . . . Hacking | -11 -10 -10 -10 --------- Run | Yrd Mat Min Sub Machines Accessed . | . . . . Terminals . | . . . . Fabricators . | . . . . Repair Stations . | . . . . Recycling Units . | . . . . Scanalyzers . | . . . . Garrison Access . | . . . . Total Hacks . | . . . . Successful . | . . . . Failed . | . . . . Catastrophic . | . . . . Database Lockouts . | . . . . Manual . | . . . . Terminals . | . . . . Fabricators . | . . . . Repair Stations . | . . . . Recycling Units . | . . . . Scanalyzers . | . . . . Garrison Access . | . . . . Terminal Hacks . | . . . . Fabricator Hacks . | . . . . Repair Station Hacks . | . . . . Recycling Unit Hacks . | . . . . Scanalyzer . | . . . . Garrison Access Hacks . | . . . . Unauthorized Hacks . | . . . . Terminals . | . . . . Fabricators . | . . . . Repair Stations . | . . . . Recycling Units . | . . . . Scanalyzers . | . . . . Garrison Access . | . . . . Data Cores Recovered . | . . . . Used . | . . . . Hacking Detections . | . . . . Full Trace Events . | . . . . Feedback Events . | . . . . Feedback Blocked . | . . . . Robot Schematics Acquired . | . . . . Robots Built . | . . . . Authchips . | . . . . Time . | . . . . Total Robot Build Rating . | . . . . Part Schematics Acquired . | . . . . Parts Built . | . . . . Authchips . | . . . . Time . | . . . . Total Part Build Rating . | . . . . Part Studies Acquired . | . . . . Parts Repaired . | . . . . Time . | . . . . Parts Recycled . | . . . . Recycled Matter . | . . . . Retrieved Matter . | . . . . Retrieved Components . | . . . . Parts Scanalyzed . | . . . . Part Schematics Acquired . | . . . . Parts Damaged . | . . . . Bothacking | -11 -10 -10 -10 ------------ Run | Yrd Mat Min Sub Used RIF Installer . | . . . . Robots Hacked . | . . . . Non-combat . | . . . . Combat . | . . . . Robot Hacks Applied . | . . . . Relay Couplers Released . | . . . . Fabnet Peak Effective % . | . . . . Robots Rewired . | . . . . Allies Hacked . | . . . . Hacks Repelled . | . . . . Allies | -11 -10 -10 -10 -------- Run | Yrd Mat Min Sub Total Allies 1 | . . 1 . Largest Group 1 | . . 1 . Highest-Rated Group 31 | . . 31 . Highest-Rated Ally 31 | . . 31 . Total Orders . | . . . . Ally Attacks . | . . . . Total Damage . | . . . . Kills . | . . . . Allies Corrupted . | . . . . Allies Melted . | . . . . Intel | -11 -10 -10 -10 ------- Run | Yrd Mat Min Sub Active Infowar (turns) 300 | . 246 54 . Sensors 300 | . 246 54 . Robot Analysis Total . | . . . . Derelict Logs Recovered . | . . . . Drone Launches . | . . . . Drone Recoveries . | . . . . Exploration | -11 -10 -10 -10 ------------- Run | Yrd Mat Min Sub Turns Passed 1636 | 89 369 975 203 Spaces Moved 774 | 51 184 472 67 Core 2 | 2 . . . Treads 237 | 49 184 4 . Legs . | . . . . Wheels 535 | . . 468 67 Hover . | . . . . Flight . | . . . . Fastest Speed 50 | 50 160 95 155 Average Speed 149 | 155 160 143 155 Slowest Speed 160 | 160 160 160 155 Overloaded Moves . | . . . . Propulsion Burnouts . | . . . . Robots Hopped . | . . . . Potential Cave-ins . | . . . . Cave-ins Triggered . | . . . . Exploration Rate (%) 32 | 6 36 81 7 Regions Visited 3 Branch Regions 2 Pre-discovered Areas . | . . . . Known Exits Taken . | . . . . Unknown Exits Taken 3 | 1 1 1 . Scrap Searched 1 | . . 1 . Spaces Dug . | . . . . Terrain Destroyed . | . . . . Melee . | . . . . Projectile . | . . . . AOE . | . . . . Terrain Rammed . | . . . . Walls Destroyed . | . . . . Machines Disabled . | . . . . Actions | -11 -10 -10 -10 --------- Run | Yrd Mat Min Sub Total 1140 | 58 215 729 138 Wait 276 | . . 221 55 Move 771 | 50 183 471 67 Hop . | . . . . Pick Up 14 | 2 6 5 1 Fast Attach 7 | 6 1 . . Attach 6 | . 1 4 1 Detach 1 | . . 1 . Swap 5 | . . 5 . Drop 1 | . . 1 . Fire 59 | . 24 21 14 Melee . | . . . . Ram . | . . . . Kick . | . . . . Crush . | . . . . Escape Stasis . | . . . . Rewire . | . . . . Trap . | . . . . Miscellaneous . | . . . . Route ------- -11/Scrapyard -10/Materials (discovered 2 exits: [*Mat] / [*Min]) -10/Mines (discovered 3 exits: [*Mat x2] / [*Sub]) -10/Subcaves History --------- Turn | Location | Event 12 | -11/Scrapyard | Discovered new exit (range 15) 90 | -11/Scrapyard | Entered Materials 310 | -10/Materials | Build established: Mutant 311 | -10/Materials | Discovered new exit (range 9) 438 | -10/Materials | Discovered new exit (range 8) 459 | -10/Materials | Entered Mines 502 | -10/Mines | Core integrity fell below 50% 540 | -10/Mines | Discovered new exit (range 12) 604 | -10/Mines | Found a damaged Exp. Sensor Array with a note attached 607 | -10/Mines | Found Prototype Device 608 | -10/Mines | Identified Exp. Sensor Array 731 | -10/Mines | Received a Rocket Launcher from a helpful Derelict 793 | -10/Mines | Discovered new exit (range 7) 798 | -10/Mines | Received a Mining Laser from a helpful Derelict 1416 | -10/Mines | Discovered new exit (range 13) 1434 | -10/Mines | Entered Subcaves 1435 | -10/Subcaves | Approached by a straggling Scientist 1552 | -10/Subcaves | Shifting Twisted Machinery released Sub. Laser 1578 | -10/Subcaves | Shifting Twisted Machinery released Sub. Beam Cannon 1628 | -10/Subcaves | Core integrity fell below 20% 1637 | -10/Subcaves | Destroyed by HL-CVC(R) with Subdweller Laser Last Messages --------------- 01427_ T-07 Excavator is excavating. 01428_ U-05 Engineer lays Concrete. 01430_ U-05 Engineer builds a Wall. 01431_ T-07 Excavator is excavating. LOCATION=UNKNOWN AMBIENT_HEAT=-10 GOAL=ESCAPE 01435_ UX-YNN(c): "Thank the algorithms! I was beginning to lose hope I'd never make it past all the Subs lurking out here." 01438_ UX-YNN(c): "Hey, let me tag along and I can get us both out of this nasty situation. At least I think I can... The group I got separated from was talking about a shortcut back to the UFD." UX-YNN(c): "I think it's somewhere southwest of here" Sub. Laser falls loose from the Twisted Machinery. 01562_ Acquired Sub. Laser. Sub. Beam Cannon falls loose from the Twisted Machinery. UX-YNN(c): "I think it's somewhere southwest of here" 01609_ Lgt. Treads destroyed. 01619_ Wheel destroyed. 01629_ Lgt. Nuclear Core destroyed. Map ----- +----------------------------------------------------+ | ??????????????????????????????????## ##????????? | | ???????????????????????????????????# ##????????? | | ???????????????????????????????????# ##???????? | | ???????????????????????????????????# #???????? | | ???????????????????????????????????# ##???????? | | ???????????????????????????????????# #????????? | | ???????????????????????????????????# #????????? | | ??????????????????????????????????## #?##?????? | | ?????????????????????????????????## ## ##????? | | ?????????????????????????????????# ##???? | | ?????????????????????????????????#### #???? | | ????????????????????????????????????## ##???? | | ?????????????????????????????????###### #????? | | ?????????????????????????????????# #?# #????? | | ????????????????????????????????## ### ##???? | | ???????????????????????????????## #???? | | ????????????????????????????#### #???? | | ?????????????????#####?###### # ### #???? | | ????????????????## ""### " #?## #???? | | ????????????????# """ ## c " ##??# " #???? | | ????????????????# " #####???## """ #???? | | ????????????????# " ###????????####""##???? | | ????????????????#"" ### #??????????????""#????? | | ???????????????#"" #?# "#??????????????" #????? | | ???????????????#" "?## "#??????????????? #????? | | ???????????????# """" ## @##?????????????????????? | | ???????????????# R#??????????????????????? | | ??????????????# "" ???????????????????? | | ??????????? # "" #??????????????????? | | ??????????### #### #" #??????????????????? | | ????????????## #####??#######??????????????????? | | ?????????????####????????????????????????????????? | | ?????????????????????????????????????????????????? | | ?????????????????????????????????????????????????? | | ?????????????????????????????????????????????????? | | ?????????????????????????????????????????????????? | | ?????????????????????????????????????????????????? | | ?????????????????????????????????????????????????? | | ?????????????????????????????????????????????????? | | ?????????????????????????????????????????????????? | | ?????????????????????????????????????????????????? | | ?????????????????????????????????????????????????? | | ?????????????????????????????????????????????????? | | ?????????????????????????????????????????????????? | | ?????????????????????????????????????????????????? | | ?????????????????????????????????????????????????? | | ?????????????????????????????????????????????????? | | ?????????????????????????????????????????????????? | | ?????????????????????????????????????????????????? | | ?????????????????????????????????????????????????? | +----------------------------------------------------+ Best States ------------- Heat Dissipation 39 Energy Generation 14 Energy Capacity 250 Matter Stores 300 Matter Capacity 300 Sight Range 16 Robot Scan Range 14 Terrain Scan Density 10 Evasion (%) 41 Recoil Reduction 2 Item Schematics ----------------- None Robot Schematics ------------------ None Fabricated ------------ Nothing Repaired ---------- Nothing Studied --------- None Alien Tech Used ----------------- None Achievements -------------- None Challenges ------------ None Game ------ Seed ChromaticHugeSteel Manual? 0 Play Time 00:06:49 Cumulative 404.4 hours Start 2025.11.08 @ 11:52:59 End 2025.11.09 @ 10:42:40 Sessions 2 Manual Loads 0 Difficulty Rogue Special Mode None Game No. 362 Rogue 326 Adventurer 36 Explorer 0 Win Type - Total 16 Types 7/0/9/0/0/0/0/0/0/0 Lore% 71 Gallery% 84 Achievement% 59 Wizard Run 0 Options --------- Layout 0 ASCII 0 Keyboard 0 Movement Mouse Keybinds 0 Fullscreen 1 Font 18/SmallcapsGlow Map View 76x50 Zoom Use 0% Tactical HUD 1 Map Filters NONE Filters NONE Steam 1 RUN: d46bcd72-91b6-4174-a81a-d2fc64fa3212